TOP OF THE 1ST |
Hickory Crawdads batting - Pitching for Beloit Snappers : LHP Sean Zech
|
Pitching: LHP Sean Zech
|
|
Batting: SHB Isaiah Cherry
|
0-0: Called Strike 0-1: Ground out U3 (Groundball, 3, EV 85.0 MPH)
|
Batting: RHB Nick Solberg
|
0-0: Ball 1-0: Called Strike 1-1: Foul Ball, location: 2F 1-2: Ground out 6-3 (Groundball, 6, EV 88.8 MPH)
|
Batting: RHB Michel Martineau
|
0-0: Ball 1-0: Called Strike 1-1: Ground out 6-3 (Groundball, 6, EV 82.5 MPH)
|
Top of the 1st over - 0 runs, 0 hits, 0 errors, 0 left on base; Hickory 0 - Beloit 0 |
BOTTOM OF THE 1ST |
Beloit Snappers batting - Pitching for Hickory Crawdads : RHP Erik Sever
|
Pitching: RHP Erik Sever
|
|
Batting: SHB Robert Santiago
|
0-0: Foul Ball, location: 2F 0-1: Ball 1-1: Ball 2-1: Ball 3-1: Base on Balls
|
Batting: LHB Angel Sanchez
|
0-0: Ball 1-0: Swinging Strike 1-1: Ball 2-1: Ball 3-1: Base on Balls Robert Santiago to second
|
Batting: RHB Tim Cordle
|
0-0: Ball 1-0: Ball 2-0: Called Strike 2-1: Ball 3-1: Called Strike 3-2: Base on Balls Robert Santiago to third Angel Sanchez to second
|
Batting: LHB Henry Hutson
|
0-0: Foul Ball, location: 2F 0-1: Swinging Strike 0-2: Foul Ball, location: 2F 0-2: Strikes out looking
|
Batting: RHB Casey Nicita
|
0-0: Ball 1-0: Called Strike 1-1: Foul Ball, location: 2F 1-2: Foul Ball, location: 2F 1-2: Fly out, F8 (Flyball, 8RS, EV 75.0 MPH) Runner from 3rd tags up, SCORES, throw by CF Angel Sanchez to third
|
Batting: RHB Josh Whaley
|
0-0: Ball 1-0: Ball 2-0: Fly out, F8 (Flyball, 8LD, EV 88.8 MPH)
|
Bottom of the 1st over - 1 run, 0 hits, 0 errors, 2 left on base; Hickory 0 - Beloit 1 |
TOP OF THE 2ND |
Hickory Crawdads batting - Pitching for Beloit Snappers : LHP Sean Zech
|
Batting: RHB Salvador Caldera
|
0-0: Foul Ball, location: 2F 0-1: SOLO HOME RUN (Flyball, 78XD, EV 98.8 MPH), Distance : 392 ft
|
Batting: RHB Tom Beckman
|
0-0: Swinging Strike 0-1: Ball 1-1: SINGLE (Line Drive, 9S, EV 100.6 MPH)
|
Batting: RHB Vinny Luna
|
0-0: Swinging Strike 0-1: Swinging Strike 0-2: Foul Ball, location: 2F 0-2: Ball 1-2: Strikes out looking
|
Batting: RHB Justin Aslinger
|
0-0: 2-RUN HOME RUN (Flyball, 7LD, EV 93.8 MPH), Distance : 354 ft
|
Batting: RHB Chris Powell
|
0-0: Called Strike 0-1: Swinging Strike 0-2: Strikes out looking
|
Batting: RHB Dave Brabo
|
0-0: Called Strike 0-1: Called Strike 0-2: Ball 1-2: Ball 2-2: Ball 3-2: Ground out 6-3 (Groundball, 6, EV 87.5 MPH)
|
Top of the 2nd over - 3 runs, 3 hits, 0 errors, 0 left on base; Hickory 3 - Beloit 1 |
BOTTOM OF THE 2ND |
Beloit Snappers batting - Pitching for Hickory Crawdads : RHP Erik Sever
|
Batting: SHB Mike Jorgenson
|
0-0: Swinging Strike 0-1: Ball 1-1: Called Strike 1-2: Ball 2-2: Foul Ball, location: 2F 2-2: Foul Ball, location: 2F 2-2: Reached on error, E5 (Groundball, 56S, EV 83.1 MPH)
|
Batting: RHB Todd Vanasco
|
0-0: Ball 1-0: Ball 2-0: Ball 3-0: Base on Balls
|
Batting: RHB Hidetada Iba
|
0-0: Ball 1-0: Swinging Strike 1-1: Swinging Strike 1-2: Strikes out swinging
|
Batting: SHB Robert Santiago
|
0-0: Ball 1-0: Called Strike 1-1: Ball 2-1: Called Strike 2-2: Ball 3-2: Foul Ball, location: 2F 3-2: Strikes out swinging
|
Batting: LHB Angel Sanchez
|
0-0: Called Strike 0-1: Ball 1-1: Foul Ball, location: 2F 1-2: Ball 2-2: Foul Ball, location: 2F 2-2: Ball 3-2: Foul Ball, location: 2F 3-2: Base on Balls Mike Jorgenson to third Todd Vanasco to second
|
Batting: RHB Tim Cordle
|
0-0: Called Strike 0-1: Fielders Choice at 2nd, 5-4 (Groundball, 56, EV 84.4 MPH)
|
Bottom of the 2nd over - 0 runs, 0 hits, 1 error, 3 left on base; Hickory 3 - Beloit 1 |
TOP OF THE 3RD |
Hickory Crawdads batting - Pitching for Beloit Snappers : LHP Sean Zech
|
Batting: SHB Isaiah Cherry
|
0-0: Ball 1-0: Ground out 1-3 (Groundball, 34S, EV 67.5 MPH)
|
Batting: RHB Nick Solberg
|
0-0: Ball 1-0: Foul Ball, location: 2F 1-1: Ball 2-1: Called Strike 2-2: Ball 3-2: Foul Ball, location: 2F 3-2: Base on Balls
|
Batting: RHB Michel Martineau
|
0-0: Foul Ball, location: 2F 0-1: Called Strike Nick Solberg steals 2nd base 0-2: Foul Ball, location: 2F 0-2: Ball 1-2: Fly out, F8 (Flyball, 8LXD, EV 101.2 MPH)
|
Batting: RHB Salvador Caldera
|
0-0: SINGLE (Flyball, 78S, EV 86.2 MPH) Nick Solberg to third Runner from 3rd tries for Home, SAFE, throw by LF to home
|
Batting: RHB Tom Beckman
|
0-0: Ball 1-0: Ground out 4-3 (Groundball, 34D, EV 85.6 MPH)
|
Top of the 3rd over - 1 run, 1 hit, 0 errors, 1 left on base; Hickory 4 - Beloit 1 |
BOTTOM OF THE 3RD |
Beloit Snappers batting - Pitching for Hickory Crawdads : RHP Erik Sever
|
Batting: LHB Henry Hutson
|
0-0: Ball 1-0: Called Strike 1-1: Ball 2-1: Foul Ball, location: 2F 2-2: Ball 3-2: Foul Ball, location: 2F 3-2: SINGLE (Groundball, 4D, EV 100.6 MPH)
|
Batting: RHB Casey Nicita
|
0-0: Ball 1-0: Called Strike 1-1: Grounds into double play, 3-6-3 (Groundball, 3, EV 102.5 MPH)
|
Batting: RHB Josh Whaley
|
0-0: Ball 1-0: Foul Ball, location: 2F 1-1: Fly out, F7 (Flyball, 7, EV 75.0 MPH)
|
Bottom of the 3rd over - 0 runs, 1 hit, 0 errors, 0 left on base; Hickory 4 - Beloit 1 |
TOP OF THE 4TH |
Hickory Crawdads batting - Pitching for Beloit Snappers : LHP Sean Zech
|
Batting: RHB Vinny Luna
|
0-0: Called Strike 0-1: Ground out 6-3 (Groundball, 6S, EV 88.1 MPH)
|
Batting: RHB Justin Aslinger
|
0-0: Ball 1-0: Ball 2-0: Ground out 5-3 (Groundball, 5L, EV 86.9 MPH)
|
Batting: RHB Chris Powell
|
0-0: Swinging Strike 0-1: Ground out 5-3 (Groundball, 56, EV 81.9 MPH)
|
Top of the 4th over - 0 runs, 0 hits, 0 errors, 0 left on base; Hickory 4 - Beloit 1 |
BOTTOM OF THE 4TH |
Beloit Snappers batting - Pitching for Hickory Crawdads : RHP Erik Sever
|
Batting: SHB Mike Jorgenson
|
0-0: Called Strike 0-1: Ground out U3 (Groundball, 34S, EV 90.6 MPH)
|
Batting: RHB Todd Vanasco
|
0-0: SINGLE (Groundball, 4M, EV 84.4 MPH) (infield hit)
|
Batting: RHB Hidetada Iba
|
0-0: Ball 1-0: Swinging Strike 1-1: Swinging Strike 1-2: Foul Ball, location: 2F 1-2: SINGLE (Line Drive, 34, EV 96.9 MPH) Todd Vanasco to second
|
Batting: SHB Robert Santiago
|
0-0: Ball 1-0: Foul Ball, location: 2F 1-1: Foul Ball, location: 2F 1-2: Foul Ball, location: 2F 1-2: Ball 2-2: Foul Ball, location: 2F 2-2: Ball 3-2: Base on Balls Todd Vanasco to third Hidetada Iba to second
|
Batting: LHB Angel Sanchez
|
0-0: Grounds into double play, 4-6-3 (Groundball, 4, EV 88.1 MPH)
|
Bottom of the 4th over - 0 runs, 2 hits, 0 errors, 2 left on base; Hickory 4 - Beloit 1 |
TOP OF THE 5TH |
Hickory Crawdads batting - Pitching for Beloit Snappers : LHP Sean Zech
|
Batting: RHB Dave Brabo
|
0-0: Called Strike 0-1: Ball 1-1: Foul Ball, location: 2F 1-2: Foul Ball, location: 2F 1-2: Foul Ball, location: 2F 1-2: Foul Ball, location: 2F 1-2: Foul Ball, location: 2F 1-2: Ball 2-2: SOLO HOME RUN (Flyball, 8LXD, EV 109.4 MPH), Distance : 414 ft
|
Pitching: RHP Danny Levinger
|
|
Batting: SHB Isaiah Cherry
|
0-0: Ball 1-0: Ball 2-0: Ball 3-0: Called Strike 3-1: Base on Balls
|
Batting: RHB Nick Solberg
|
0-0: Called Strike 0-1: Called Strike Isaiah Cherry steals 2nd base (no throw) 0-2: Strikes out looking
|
Batting: RHB Michel Martineau
|
0-0: Intentional Walk
|
Batting: RHB Salvador Caldera
|
0-0: Ball 1-0: Fielders Choice at 2nd, 5-4 (Groundball, 5, EV 83.1 MPH) Isaiah Cherry to third
|
Batting: RHB Tom Beckman
|
0-0: Called Strike 0-1: Foul Ball, location: 2F 0-2: Ball 1-2: Ball 2-2: Ball 3-2: Foul Ball, location: 2F 3-2: Foul Ball, location: 2F 3-2: Foul Ball, location: 2F 3-2: Fly out, F8 (Flyball, 8LXD, EV 91.2 MPH)
|
Top of the 5th over - 1 run, 1 hit, 0 errors, 2 left on base; Hickory 5 - Beloit 1 |
BOTTOM OF THE 5TH |
Beloit Snappers batting - Pitching for Hickory Crawdads : RHP Erik Sever
|
Batting: RHB Tim Cordle
|
0-0: Foul Ball, location: 2F 0-1: Foul Ball, location: 2F 0-2: Foul Ball, location: 2F 0-2: Ball 1-2: Ball 2-2: Strikes out looking
|
Batting: LHB Henry Hutson
|
0-0: Called Strike 0-1: Ball 1-1: Fly out, F7 (Flyball, 7S, EV 79.4 MPH)
|
Batting: RHB Casey Nicita
|
0-0: Ball 1-0: Foul Ball, location: 2F 1-1: Swinging Strike 1-2: Strikes out swinging
|
Bottom of the 5th over - 0 runs, 0 hits, 0 errors, 0 left on base; Hickory 5 - Beloit 1 |
TOP OF THE 6TH |
Hickory Crawdads batting - Pitching for Beloit Snappers : RHP Danny Levinger
|
Batting: RHB Vinny Luna
|
0-0: Ball 1-0: Called Strike 1-1: Foul Ball, location: 2F 1-2: Ball 2-2: Foul Ball, location: 2F 2-2: Foul Ball, location: 2F 2-2: Strikes out swinging
|
Batting: RHB Justin Aslinger
|
0-0: Ball 1-0: Ground out 5-3 (Groundball, 56, EV 102.5 MPH)
|
Batting: RHB Chris Powell
|
0-0: Ball 1-0: Called Strike 1-1: Called Strike 1-2: Ball 2-2: Ball 3-2: Strikes out swinging
|
Top of the 6th over - 0 runs, 0 hits, 0 errors, 0 left on base; Hickory 5 - Beloit 1 |
BOTTOM OF THE 6TH |
Beloit Snappers batting - Pitching for Hickory Crawdads : RHP Erik Sever
|
Batting: RHB Josh Whaley
|
0-0: Ball 1-0: Foul Ball, location: 2F 1-1: Ball 2-1: Ball 3-1: Swinging Strike 3-2: Strikes out looking
|
Pitching: RHP Danny Murguia
|
|
Batting: SHB Mike Jorgenson
|
0-0: Called Strike 0-1: Called Strike 0-2: Fly out, F8 (Flyball, 78M, EV 90.6 MPH)
|
Batting: RHB Todd Vanasco
|
0-0: Called Strike 0-1: Ball 1-1: Foul Ball, location: 2F 1-2: Strikes out swinging
|
Bottom of the 6th over - 0 runs, 0 hits, 0 errors, 0 left on base; Hickory 5 - Beloit 1 |
TOP OF THE 7TH |
Hickory Crawdads batting - Pitching for Beloit Snappers : RHP Danny Levinger
|
Batting: RHB Dave Brabo
|
0-0: Foul Ball, location: 2F 0-1: Ball 1-1: Ground out 4-3 (Groundball, 4S, EV 86.2 MPH)
|
Batting: SHB Isaiah Cherry
|
0-0: Called Strike 0-1: Ball 1-1: SINGLE (Groundball, 5S, EV 64.4 MPH) (infield hit)
|
Batting: RHB Nick Solberg
|
0-0: Ball 1-0: Grounds into double play, 6-4-3 (Groundball, 6, EV 84.4 MPH)
|
Top of the 7th over - 0 runs, 1 hit, 0 errors, 0 left on base; Hickory 5 - Beloit 1 |
BOTTOM OF THE 7TH |
Beloit Snappers batting - Pitching for Hickory Crawdads : RHP Danny Murguia
|
Batting: RHB Hidetada Iba
|
0-0: Ball 1-0: Ball 2-0: Fly out, F9 (Flyball, 9LSF, EV 89.4 MPH)
|
Batting: SHB Robert Santiago
|
0-0: Called Strike 0-1: Foul Ball, location: 2F 0-2: DOUBLE (Line Drive, 89D, EV 113.8 MPH)
|
Batting: LHB Angel Sanchez
|
0-0: Ball 1-0: Ball 2-0: Ball 3-0: Called Strike 3-1: Base on Balls
|
Batting: RHB Tim Cordle
|
0-0: Ball 1-0: Called Strike 1-1: Ball 2-1: Foul Ball, location: 2F 2-2: Strikes out swinging
|
Pitching: LHP Paul Gill
|
|
Batting: LHB Henry Hutson
|
0-0: Ball 1-0: Called Strike 1-1: Ball 2-1: Ground out 3-1 (Groundball, 34, EV 94.4 MPH)
|
Bottom of the 7th over - 0 runs, 1 hit, 0 errors, 2 left on base; Hickory 5 - Beloit 1 |
TOP OF THE 8TH |
Hickory Crawdads batting - Pitching for Beloit Snappers : RHP Danny Levinger
|
Pitching: RHP Jonathan Colyer
|
|
Batting: RHB Michel Martineau
|
0-0: Foul Ball, location: 2F 0-1: Ball 1-1: Ball 2-1: DOUBLE (Flyball, 89XD, EV 105.0 MPH)
|
Batting: RHB Salvador Caldera
|
0-0: Called Strike 0-1: Ball 1-1: Ball 2-1: Ball 3-1: Base on Balls
|
Batting: RHB Tom Beckman
|
0-0: Ball 1-0: Foul Ball, location: 2F 1-1: Fielders Choice at 2nd, 6-4 (Groundball, 6, EV 85.6 MPH) Michel Martineau to third
|
Batting: RHB Vinny Luna
|
0-0: Ball 1-0: Ball 2-0: Ball 3-0: Base on Balls Tom Beckman to second
|
Batting: RHB Justin Aslinger
|
0-0: Called Strike 0-1: Foul Ball, location: 2F 0-2: Foul Ball, location: 2F 0-2: Ball 1-2: Ball 2-2: Fly out, F7 (Line Drive, 78M, EV 101.2 MPH) Runner from 3rd tags up, SCORES, no throw by LF
|
Batting: RHB Chris Powell
|
0-0: Called Strike 0-1: Ball 1-1: Reached on error, E5 (Groundball, 5, EV 81.9 MPH) Tom Beckman to third Vinny Luna to second
|
Batting: RHB Dave Brabo
|
0-0: Called Strike 0-1: Called Strike 0-2: Strikes out looking
|
Top of the 8th over - 1 run, 1 hit, 1 error, 3 left on base; Hickory 6 - Beloit 1 |
BOTTOM OF THE 8TH |
Beloit Snappers batting - Pitching for Hickory Crawdads : LHP Paul Gill
|
Batting: RHB Casey Nicita
|
0-0: Foul Ball, location: 2F 0-1: Ball 1-1: Foul Ball, location: 2F 1-2: Foul Ball, location: 2F 1-2: Strikes out looking
|
Batting: RHB Josh Whaley
|
0-0: SOLO HOME RUN (Flyball, 7LD, EV 94.4 MPH), Distance : 331 ft
|
Batting: SHB Mike Jorgenson
|
0-0: SOLO HOME RUN (Flyball, 7LD, EV 90.6 MPH), Distance : 343 ft
|
Batting: RHB Todd Vanasco
|
0-0: Called Strike 0-1: Ball 1-1: Fly out, F9 (Flyball, 89S, EV 97.5 MPH)
|
Batting: RHB Hidetada Iba
|
0-0: Swinging Strike 0-1: Swinging Strike 0-2: Ball 1-2: Ball 2-2: Strikes out swinging
|
Bottom of the 8th over - 2 runs, 2 hits, 0 errors, 0 left on base; Hickory 6 - Beloit 3 |
TOP OF THE 9TH |
Hickory Crawdads batting - Pitching for Beloit Snappers : RHP Jonathan Colyer
|
Pitching: RHP Eddie Carrasco
|
|
Batting: SHB Isaiah Cherry
|
0-0: Swinging Strike 0-1: Swinging Strike 0-2: Foul Ball, location: 2F 0-2: Strikes out looking
|
Batting: RHB Nick Solberg
|
0-0: Ball 1-0: Ground out 5-3 (Groundball, 56, EV 84.4 MPH)
|
Batting: RHB Michel Martineau
|
0-0: Ball 1-0: Ball 2-0: Foul Ball, location: 2F 2-1: Ball 3-1: Base on Balls
|
Batting: RHB Salvador Caldera
|
0-0: Called Strike 0-1: Ball Michel Martineau steals 2nd, throwing error, E2 Michel Martineau to third 1-1: Swinging Strike Passed Ball! Michel Martineau scores 1-2: Foul Ball, location: 2F 1-2: Strikes out swinging
|
Top of the 9th over - 1 run, 0 hits, 1 error, 0 left on base; Hickory 7 - Beloit 3 |
BOTTOM OF THE 9TH |
Beloit Snappers batting - Pitching for Hickory Crawdads : LHP Paul Gill
|
Pitching: RHP Kouchiro Yamaguchi
|
|
Batting: SHB Robert Santiago
|
0-0: Foul Ball, location: 2F 0-1: Ball 1-1: Called Strike 1-2: Foul Ball, location: 2F 1-2: Ball 2-2: Foul Ball, location: 2F 2-2: Strikes out looking
|
Batting: LHB Angel Sanchez
|
0-0: Ball 1-0: SINGLE (Groundball, 34D, EV 107.5 MPH)
|
Batting: RHB Tim Cordle
|
0-0: Ball 1-0: Foul Ball, location: 2F 1-1: SINGLE (Line Drive, 34D, EV 96.9 MPH) Angel Sanchez to second
|
Batting: LHB Henry Hutson
|
0-0: Ball 1-0: Called Strike 1-1: Swinging Strike 1-2: 3-RUN HOME RUN (Flyball, 9LD, EV 91.2 MPH), Distance : 355 ft
|
Pinch Hitting: SHB John Cummings
|
0-0: Foul Ball, location: 2F 0-1: Ball 1-1: Ball 2-1: Swinging Strike 2-2: Strikes out swinging
|
Batting: RHB Josh Whaley
|
0-0: Swinging Strike 0-1: Foul Ball, location: 2F 0-2: Ball 1-2: Foul Ball, location: 2F 1-2: Ground out 5-3 (Groundball, 5, EV 91.2 MPH)
|
Bottom of the 9th over - 3 runs, 3 hits, 0 errors, 0 left on base; Hickory 7 - Beloit 6 |
|